AAA
VANCOUVER THUNDERBIRDS @ BAKERSFIELD CANNONS
04/20/2060
 
TOP OF THE 1ST
Vancouver Thunderbirds batting - Pitching for Bakersfield Cannons : RHP Jeremy Vanover
Pitching: RHP Jeremy Vanover
Batting: SHB Dennis Daley 0-0: Ball
1-0: Ball
2-0: Ground out 4-3 (Groundball, 4, EV 81.9 MPH)
Batting: RHB Allen Zuber 0-0: Called Strike
0-1: Swinging Strike
0-2: Ball
1-2: Ball
2-2: Ball
3-2: Ground out 5-3 (Groundball, 56S, EV 86.9 MPH)
Batting: SHB Kyle O'Brien 0-0: Foul Ball, location: 2F
0-1: Ball
1-1: Foul Ball, location: 2F
1-2: Ball
2-2: Ball
3-2: Ground out 4-3 (Groundball, 4, EV 108.1 MPH)
Top of the 1st over - 0 runs, 0 hits, 0 errors, 0 left on base; Vancouver 0 - Bakersfield 0
BOTTOM OF THE 1ST
Bakersfield Cannons batting - Pitching for Vancouver Thunderbirds : RHP Charlie Reilly
Pitching: RHP Charlie Reilly
Batting: LHB Logan Laughlin 0-0: Ball
1-0: Foul Ball, location: 2F
1-1: Swinging Strike
1-2: Ball
2-2: Ball
3-2: DOUBLE (Line Drive, 9LM, EV 90.6 MPH)
Batting: RHB Kaileb Romero 0-0: Ball
1-0: Ball
Wild Pitch!
Logan Laughlin to third
2-0: Called Strike
2-1: Ball
3-1: Fly out, F9 (Line Drive, 9S, EV 90.6 MPH)
Batting: RHB Turk Dorey 0-0: Called Strike
0-1: Ball
1-1: Ball
2-1: Ground out 5-3 (Groundball, 56S, EV 75.0 MPH)
Logan Laughlin scores
Batting: LHB Melchior Werth 0-0: Called Strike
0-1: Called Strike
0-2: Ball
1-2: Foul Ball, location: 2F
1-2: Foul Ball, location: 2F
1-2: Ball
2-2: Ball
3-2: Base on Balls
Batting: RHB Damon Squyres 0-0: Called Strike
0-1: Fielders Choice at 2nd, 5-4 (Groundball, 5, EV 84.4 MPH)
Bottom of the 1st over - 1 run, 1 hit, 0 errors, 1 left on base; Vancouver 0 - Bakersfield 1
TOP OF THE 2ND
Vancouver Thunderbirds batting - Pitching for Bakersfield Cannons : RHP Jeremy Vanover
Batting: RHB Sean Barrett 0-0: Ball
1-0: Called Strike
1-1: Swinging Strike
1-2: Strikes out swinging
Batting: RHB Isaac Merolla 0-0: Ball
1-0: Called Strike
1-1: DOUBLE (Line Drive, 3D, EV 97.5 MPH)
Batting: RHB Wes Chavis 0-0: Called Strike
0-1: Swinging Strike
0-2: Strikes out swinging
Batting: RHB Axel Loeding 0-0: 2-RUN HOME RUN (Flyball, 78XD, EV 112.5 MPH), Distance : 433 ft
Batting: RHB Dave Regan 0-0: Ball
1-0: Fly out, F7 (Flyball, 7, EV 93.1 MPH)
Top of the 2nd over - 2 runs, 2 hits, 0 errors, 0 left on base; Vancouver 2 - Bakersfield 1
BOTTOM OF THE 2ND
Bakersfield Cannons batting - Pitching for Vancouver Thunderbirds : RHP Charlie Reilly
Batting: RHB Jake Christensen 0-0: Swinging Strike
0-1: Ball
1-1: Called Strike
1-2: Strikes out swinging
Batting: RHB Colby Hullinger 0-0: Fly out, F7 (Flyball, 7, EV 90.0 MPH)
Batting: RHB Zack Simmons 0-0: Foul Ball, location: 2F
0-1: Ball
1-1: Ball
2-1: Ball
3-1: Ground out U3 (Groundball, 34S, EV 81.9 MPH)
Bottom of the 2nd over - 0 runs, 0 hits, 0 errors, 0 left on base; Vancouver 2 - Bakersfield 1
TOP OF THE 3RD
Vancouver Thunderbirds batting - Pitching for Bakersfield Cannons : RHP Jeremy Vanover
Batting: RHB Del Tarrance 0-0: Called Strike
0-1: SINGLE (Line Drive, 8LS, EV 106.9 MPH)
Batting: SHB Dennis Daley 0-0: Ball
1-0: Ball
2-0: Ball
3-0: Called Strike
3-1: SINGLE (Groundball, P, EV 85.0 MPH) (infield hit)
Del Tarrance to second
Batting: RHB Allen Zuber 0-0: Called Strike
0-1: Ball
1-1: Ball
2-1: Swinging Strike
2-2: Foul Ball, location: 2F
2-2: Ball
3-2: Strikes out swinging
Batting: SHB Kyle O'Brien 0-0: Ball
1-0: Foul Ball, location: 2F
1-1: DOUBLE (Groundball, 5L, EV 102.5 MPH)
Del Tarrance scores
Dennis Daley to third
Batting: RHB Sean Barrett 0-0: Ball
1-0: SINGLE (Flyball, 7S, EV 91.9 MPH)
Dennis Daley scores
Kyle O'Brien to third
Batting: RHB Isaac Merolla 0-0: Ball
1-0: Foul Ball, location: 2F
1-1: Grounds into double play, 5-4-3 (Groundball, 5, EV 83.1 MPH)
Top of the 3rd over - 2 runs, 4 hits, 0 errors, 1 left on base; Vancouver 4 - Bakersfield 1
BOTTOM OF THE 3RD
Bakersfield Cannons batting - Pitching for Vancouver Thunderbirds : RHP Charlie Reilly
Batting: RHB Langdon Bushey 0-0: Called Strike
0-1: Ground out 6-3 (Groundball, 6, EV 105.6 MPH)
Batting: LHB Logan Laughlin 0-0: Called Strike
0-1: Ball
1-1: Foul Ball, location: 2F
1-2: Strikes out swinging
Batting: RHB Kaileb Romero 0-0: Called Strike
0-1: Called Strike
0-2: Ball
1-2: Ball
2-2: Ball
3-2: Foul Ball, location: 2F
3-2: Foul Ball, location: 2F
3-2: Foul Ball, location: 2F
3-2: Strikes out swinging
Bottom of the 3rd over - 0 runs, 0 hits, 0 errors, 0 left on base; Vancouver 4 - Bakersfield 1
TOP OF THE 4TH
Vancouver Thunderbirds batting - Pitching for Bakersfield Cannons : RHP Jeremy Vanover
Batting: RHB Wes Chavis 0-0: Called Strike
0-1: Swinging Strike
0-2: Ball
1-2: Ball
2-2: Fly out, F9 (Flyball, 9LM, EV 78.1 MPH)
Batting: RHB Axel Loeding 0-0: Ball
1-0: Swinging Strike
1-1: Foul Ball, location: 2F
1-2: Ball
2-2: SINGLE (Flyball, 89S, EV 93.1 MPH)
Batting: RHB Dave Regan Pickoff Throw to First - Out! 1-3
0-0: DOUBLE (Line Drive, 78XD, EV 104.4 MPH)
Batting: RHB Del Tarrance 0-0: Called Strike
0-1: Ground out U3 (Groundball, 34, EV 85.6 MPH)
Top of the 4th over - 0 runs, 2 hits, 0 errors, 1 left on base; Vancouver 4 - Bakersfield 1
BOTTOM OF THE 4TH
Bakersfield Cannons batting - Pitching for Vancouver Thunderbirds : RHP Charlie Reilly
Batting: RHB Turk Dorey 0-0: Ball
1-0: Foul Ball, location: 2F
1-1: Foul Ball, location: 2F
1-2: Ground out 6-3 (Groundball, P, EV 89.4 MPH)
Batting: LHB Melchior Werth 0-0: Foul Ball, location: 2F
0-1: Called Strike
0-2: Foul Ball, location: 2F
0-2: Ball
1-2: Ball
2-2: Ball
3-2: DOUBLE (Flyball, 89D, EV 108.1 MPH)
Batting: RHB Damon Squyres 0-0: Ball
1-0: Ball
2-0: Called Strike
2-1: Ball
3-1: Base on Balls
Batting: RHB Jake Christensen 0-0: Foul Ball, location: 2F
0-1: Foul Ball, location: 2F
0-2: Foul Ball, location: 2F
0-2: Ball
1-2: Foul Ball, location: 2F
1-2: Ball
2-2: Strikes out swinging
Batting: RHB Colby Hullinger 0-0: Ball
1-0: Foul Ball, location: 2F
1-1: Foul Ball, location: 2F
1-2: DOUBLE (Line Drive, 9LS, EV 96.2 MPH)
Melchior Werth scores
Damon Squyres to third
Runner from 3rd tries for Home, SAFE, throw by RF to home
Batting: RHB Zack Simmons 0-0: Called Strike
0-1: Called Strike
0-2: Ball
1-2: Ground out 4-3 (Groundball, 4S, EV 83.8 MPH)
Bottom of the 4th over - 2 runs, 2 hits, 0 errors, 1 left on base; Vancouver 4 - Bakersfield 3
TOP OF THE 5TH
Vancouver Thunderbirds batting - Pitching for Bakersfield Cannons : RHP Jeremy Vanover
Batting: SHB Dennis Daley 0-0: SINGLE (Line Drive, 56D, EV 97.5 MPH)
Batting: RHB Allen Zuber 0-0: Ball
1-0: Ball
2-0: Foul Ball, location: 2F
2-1: Ball
3-1: Fly out, F7 (Flyball, 7D, EV 103.1 MPH)
Batting: SHB Kyle O'Brien 0-0: Ball
1-0: Grounds into double play, 4-6-3 (Groundball, 4M, EV 88.1 MPH)
Top of the 5th over - 0 runs, 1 hit, 0 errors, 0 left on base; Vancouver 4 - Bakersfield 3
BOTTOM OF THE 5TH
Bakersfield Cannons batting - Pitching for Vancouver Thunderbirds : RHP Charlie Reilly
Batting: RHB Langdon Bushey 0-0: Ball
1-0: Swinging Strike
1-1: Foul Ball, location: 2F
1-2: Ball
2-2: Ball
3-2: Strikes out looking
Batting: LHB Logan Laughlin 0-0: Ball
1-0: Ball
2-0: Ball
3-0: Called Strike
3-1: Foul Ball, location: 2F
3-2: Fly out, F6 (Popup, 15S, EV 91.2 MPH)
Batting: RHB Kaileb Romero 0-0: Ball
1-0: Fly out, F9 (Flyball, 89M, EV 90.0 MPH)
Bottom of the 5th over - 0 runs, 0 hits, 0 errors, 0 left on base; Vancouver 4 - Bakersfield 3
TOP OF THE 6TH
Vancouver Thunderbirds batting - Pitching for Bakersfield Cannons : RHP Jeremy Vanover
Batting: RHB Sean Barrett 0-0: Called Strike
0-1: Called Strike
0-2: Ground out 6-3 (Groundball, 6, EV 93.1 MPH)
Batting: RHB Isaac Merolla 0-0: Called Strike
0-1: Swinging Strike
0-2: Ball
1-2: Ball
2-2: Fly out, F9 (Flyball, 9S, EV 90.0 MPH)
Batting: RHB Wes Chavis 0-0: Ground out 3-1 (Groundball, 34, EV 81.2 MPH)
Top of the 6th over - 0 runs, 0 hits, 0 errors, 0 left on base; Vancouver 4 - Bakersfield 3
BOTTOM OF THE 6TH
Bakersfield Cannons batting - Pitching for Vancouver Thunderbirds : RHP Charlie Reilly
Batting: RHB Turk Dorey 0-0: Ball
1-0: Called Strike
1-1: Swinging Strike
1-2: Ball
2-2: Foul Ball, location: 2F
2-2: Strikes out swinging
Batting: LHB Melchior Werth 0-0: Called Strike
0-1: Ground out U3 (Groundball, 3L, EV 88.8 MPH)
Batting: RHB Damon Squyres 0-0: Fly out, F9 (Line Drive, 9LM, EV 91.9 MPH)
Bottom of the 6th over - 0 runs, 0 hits, 0 errors, 0 left on base; Vancouver 4 - Bakersfield 3
TOP OF THE 7TH
Vancouver Thunderbirds batting - Pitching for Bakersfield Cannons : RHP Jeremy Vanover
Batting: RHB Axel Loeding 0-0: Ball
1-0: Ball
2-0: Called Strike
2-1: Ball
3-1: Base on Balls
Batting: RHB Dave Regan 0-0: Called Strike
0-1: Bunted foul
0-2: Ball
1-2: Ball
2-2: Ground out 5-3 (Groundball, 56S, EV 75.0 MPH)
Axel Loeding to second
Batting: RHB Del Tarrance 0-0: Ball
1-0: Swinging Strike
1-1: Foul Ball, location: 2F
1-2: Strikes out looking
Batting: SHB Dennis Daley 0-0: Ball
1-0: DOUBLE (Groundball, 3D, EV 94.4 MPH)
Axel Loeding scores
Pitching: RHP Dionte Claridy
Pinch Runner at 2nd Riley Sistrunk:
Batting: RHB Allen Zuber 0-0: Ball
1-0: Ball
2-0: Ball
3-0: Called Strike
3-1: Foul Ball, location: 2F
3-2: Strikes out swinging
Top of the 7th over - 1 run, 1 hit, 0 errors, 1 left on base; Vancouver 5 - Bakersfield 3
BOTTOM OF THE 7TH
Bakersfield Cannons batting - Pitching for Vancouver Thunderbirds : RHP Charlie Reilly
Now in LF: Sean Barrett
Now in RF: Jacolby Waleenstedt
Batting: RHB Jake Christensen 0-0: Ball
1-0: Called Strike
1-1: Ball
2-1: Ball
3-1: Base on Balls
Pitching: RHP Ed Brooks
Batting: RHB Colby Hullinger 0-0: Ball
1-0: Called Strike
1-1: Ball
2-1: Called Strike
2-2: Foul Ball, location: 2F
2-2: Strikes out looking
Batting: RHB Zack Simmons 0-0: Called Strike
0-1: Swinging Strike
0-2: Foul Ball, location: 2F
0-2: Strikes out looking
Pinch Hitting: RHB Adan Natoli 0-0: Ball
1-0: Ball
2-0: Called Strike
2-1: Ball
3-1: Foul Ball, location: 2F
3-2: Foul Ball, location: 2F
3-2: Foul Ball, location: 2F
3-2: SINGLE (Groundball, 6MD, EV 104.4 MPH)
Jake Christensen to second
Jake Christensen to third
Batting: LHB Logan Laughlin 0-0: Ball
1-0: Ground out 4-3 (Groundball, 4, EV 83.1 MPH)
Bottom of the 7th over - 0 runs, 1 hit, 0 errors, 2 left on base; Vancouver 5 - Bakersfield 3
TOP OF THE 8TH
Vancouver Thunderbirds batting - Pitching for Bakersfield Cannons : RHP Dionte Claridy
Now at SS: Nelson Dimas
Batting: SHB Kyle O'Brien 0-0: Swinging Strike
0-1: Swinging Strike
0-2: Foul Ball, location: 2F
0-2: Strikes out swinging
Batting: RHB Sean Barrett 0-0: Ball
1-0: Ball
2-0: Foul Ball, location: 2F
2-1: Ball
3-1: Called Strike
3-2: Foul Ball, location: 2F
3-2: Foul Ball, location: 2F
3-2: Ground out 6-3 (Groundball, 6, EV 81.9 MPH)
Batting: RHB Isaac Merolla 0-0: Ball
1-0: Called Strike
1-1: Foul Ball, location: 2F
1-2: Foul Ball, location: 2F
1-2: Foul Ball, location: 2F
1-2: Ball
2-2: Fly out, F8 (Line Drive, 8RD, EV 95.6 MPH)
Top of the 8th over - 0 runs, 0 hits, 0 errors, 0 left on base; Vancouver 5 - Bakersfield 3
BOTTOM OF THE 8TH
Bakersfield Cannons batting - Pitching for Vancouver Thunderbirds : RHP Ed Brooks
Now at 1B: Axel Loeding
Now at 3B: Jacolby Waleenstedt
Now in CF: Kamryn Mazzocchi
Now in RF: Dave Regan
Batting: RHB Kaileb Romero 0-0: Called Strike
0-1: Ball
1-1: Called Strike
1-2: Fly out, F8 (Flyball, 8LD, EV 85.6 MPH)
Batting: RHB Turk Dorey 0-0: Ball
1-0: Called Strike
1-1: Ground out 5-3 (Groundball, 5S, EV 70.0 MPH)
Pitching: LHP Desmond Forgey
Batting: LHB Melchior Werth 0-0: Ball
1-0: Swinging Strike
1-1: Ball
2-1: Swinging Strike
2-2: Strikes out swinging, 2-3 out at first.
Bottom of the 8th over - 0 runs, 0 hits, 0 errors, 0 left on base; Vancouver 5 - Bakersfield 3
TOP OF THE 9TH
Vancouver Thunderbirds batting - Pitching for Bakersfield Cannons : RHP Dionte Claridy
Pitching: RHP Leonard Yong
Batting: RHB Wes Chavis 0-0: Swinging Strike
0-1: Swinging Strike
0-2: Ball
1-2: Strikes out swinging
Batting: RHB Axel Loeding 0-0: Foul Ball, location: 2F
0-1: Foul Ball, location: 2F
0-2: Ball
1-2: Strikes out swinging
Batting: RHB Dave Regan 0-0: Ball
1-0: Foul Ball, location: 2F
1-1: Ground out 6-3 (Groundball, 6, EV 88.8 MPH)
Top of the 9th over - 0 runs, 0 hits, 0 errors, 0 left on base; Vancouver 5 - Bakersfield 3
BOTTOM OF THE 9TH
Bakersfield Cannons batting - Pitching for Vancouver Thunderbirds : LHP Desmond Forgey
Pitching: RHP Brad Wiese
Batting: RHB Damon Squyres 0-0: Ball
1-0: Ball
2-0: Ground out 5-3 (Groundball, 56, EV 85.6 MPH)
Batting: RHB Jake Christensen 0-0: Ball
1-0: Foul Ball, location: 2F
1-1: Called Strike
1-2: Foul Ball, location: 2F
1-2: Strikes out swinging
Batting: RHB Colby Hullinger 0-0: Called Strike
0-1: Called Strike
0-2: Fly out, F8 (Flyball, 8LXD, EV 109.4 MPH)
Bottom of the 9th over - 0 runs, 0 hits, 0 errors, 0 left on base; Vancouver 5 - Bakersfield 3
Monday, April 29th , 2024 - OOTP Baseball 23.10 Build 110